 Dungeon Crawl Stone Soup version 0.27.0-1-g7a089689b8 (webtiles) character file.

Game seed: 5106600307796811205

186 sasquatch the Slasher (level 5, -7/41 HPs)
             Began as a Demonspawn Berserker on Aug 3, 2021.
             Was a Priest of Trog.
             Mangled by Pikel (17 damage)
             ... on level 4 of the Dungeon.
             The game lasted 00:04:08 (2856 turns).

sasquatch the Slasher (Demonspawn Berserker)        Turns: 2856, Time: 00:04:09

Health: -7/41      AC:  5    Str: 18    XL:     5   Next: 38%
Magic:  5/5        EV: 11    Int:  8    God:    Trog [***...]
Gold:   58         SH:  4    Dex: 13    Spells: 4/4 levels left

rFire    . . .     SeeInvis .   o - +0 long sword
rCold    . . .     Faith    .   (no shield)
rNeg     . . .     Spirit   .   g - +0 ring mail
rPois    .         Reflect  .   (no helmet)
rElec    .         Harm     .   (no cloak)
rCorr    .         Rampage  .   (no gloves)
Will     .....                  (no boots)
Stlth    +.........             (no amulet)
HPRegen  0.13/turn              (no ring)
MPRegen  0.09/turn              (no ring)

@: about to teleport, on berserk cooldown, slowed, very slow
A: large bone plates 1, demonic magic 1
a: Renounce Religion, Berserk, Trog's Hand


You were on level 4 of the Dungeon.
You worshipped Trog.
Trog was most pleased with you.
You visited 1 branch of the dungeon, and saw 4 of its levels.

You collected 58 gold pieces.

Inventory:

Hand Weapons
 o - a +0 long sword (weapon)
Missiles
 j - 28 poisoned darts (quivered)
Armour
 d - a +0 plate armour
 g - a +0 ring mail (worn)
Scrolls
 b - a scroll of teleportation
 e - a scroll of amnesia {unknown}
 f - 2 scrolls of fog {unknown}
 i - 3 scrolls of identify {unknown}
 k - a scroll of blinking {unknown}
Potions
 a - a potion of degeneration {unknown}
 c - a potion of magic {unknown}
 h - a potion of berserk rage
 l - a potion of might {unknown}
 m - a potion of heal wounds {unknown}
 n - a potion of attraction {unknown}


   Skills:
 - Level 3.0 Fighting
 + Level 5.6 Long Blades
 - Level 1.7 Armour
 - Level 1.7 Dodging


You had 4 spell levels left.
You didn't know any spells.
Your spell library was empty.

Dungeon Overview and Level Annotations

Branches:
Dungeon (4/15)
 Temple: D:4-7

Altars:
Nemelex Xobeh
Wu Jian
Beogh

Shops:
D:1 *

Annotations:
D:4 Pikel, Sigmund


Innate Abilities, Weirdness & Mutations

You are partially covered in large bone plates. (SH +4)
Spells you cast may paralyse adjacent enemies.


Message History

That felt strangely unrewarding.
The lemure hits you.
You barely miss the lemure. The lemure hits you but does no damage.
You hit the lemure.
The lemure is lightly wounded.
Pikel the Slaver comes into view.
He is wielding a +1 whip of flaming.
The lemure hits you.
Pikel shouts!
You slash the lemure!
The lemure is heavily wounded.
You hear a shout!
You miss the lemure.
The lemure is heavily wounded.
The lemure closely misses you.
You riposte.
You slash the lemure!
The lemure is almost dead.
You completely miss the lemure.
The lemure is almost dead.
Sigmund the Dreaded comes into view.
He is wielding a +0 scythe.
The lemure barely misses you.
You riposte.
You slash the lemure!
You kill the lemure!
That felt strangely unrewarding.
Sigmund laughs darkly.
Sigmund gestures wildly while chanting.
Sigmund flickers and vanishes!
Deactivating autopickup; reactivate with Ctrl-A.
You closely miss Pikel. You slash Pikel!
Pikel is heavily wounded.
You are no longer berserk.
You are exhausted.
You feel yourself slow down. Something hits you! Pikel barely misses you.
You riposte.
You hit Pikel but do no damage.
Pikel is heavily wounded.
As you read the scroll labelled JANAKH GIMO, it crumbles to dust.
You feel strangely unstable.
It was a scroll of teleportation.
Something hits you.
Pikel drinks a potion.
Pikel goes berserk!
Something hits you.
* * * LOW HITPOINT WARNING * * *
Pikel hits you with a +1 whip of flaming!
You die...

#.............
###<....#
#.......#
#.#.....#
#.#.....#
#.......#..#
#.##.#+###'# #
...#.....######{#
#.##
#.≈≈≈.#...@K5# #
#.....#.######
+.._..'....#
#(....#.##.#
#.≈≈≈.#.# #
#.....#.#
#+###+#.# .## .


You could see Pikel (berserk) and a lemure.

Vanquished Creatures
  A necrophage (D:4)
  2 lemures (D:4)
  2 adders (D:3)
  An adder skeleton (D:4)
  2 worms
  2 dart slugs
  3 orcs (D:2)
  4 ball pythons
  3 endoplasms
  4 giant cockroaches
  5 goblins
  5 hobgoblins
  9 jackals
  2 quokkas
  7 bats
  4 frilled lizards
  5 kobolds
  9 rats
70 creatures vanquished.

Notes
Turn   | Place    | Note
-------+----------+-------------------------------------------
     0 | D:1      | sasquatch the Demonspawn Berserker began the quest for the
                  | Orb.
     0 | D:1      | Reached XP level 1. HP: 18/18 MP: 1/1
    52 | D:1      | Reached skill level 3 in Long Blades
   242 | D:1      | Gained mutation: You are partially covered in large bone
                  | plates. (SH +4) [demonic ancestry]
   242 | D:1      | Reached XP level 2. HP: 19/24 MP: 2/2
   518 | D:1      | Found Nead Zer's Assorted Antiques.
   837 | D:1      | Reached XP level 3. HP: 29/29 MP: 3/3
  1262 | D:2      | Reached skill level 4 in Long Blades
  1265 | D:2      | Reached ** piety under Trog
  1754 | D:2      | Found a faded altar of an unknown god.
  1974 | D:3      | Found a sparkling altar of Nemelex Xobeh.
  2040 | D:3      | Reached XP level 4. HP: 32/35 MP: 4/4
  2295 | D:3      | Found a glowing drain.
  2738 | D:3      | Reached *** piety under Trog
  2764 | D:4      | Noticed a necrophage
  2768 | D:4      | Killed a necrophage
  2769 | D:4      | Reached skill level 5 in Long Blades
  2769 | D:4      | Gained mutation: Spells you cast may paralyse adjacent
                  | enemies. [demonic ancestry]
  2769 | D:4      | Reached XP level 5. HP: 41/41 MP: 5/5
  2813 | D:4      | Found an ornate altar of the Wu Jian Council.
  2823 | D:4      | Noticed a lemure
  2826 | D:4      | Noticed a lemure
  2839 | D:4      | Noticed a lemure
  2846 | D:4      | Killed a lemure
  2849 | D:4      | Noticed Pikel
  2852 | D:4      | Noticed Sigmund
  2852 | D:4      | Killed a lemure
  2856 | D:4      | Mangled by Pikel

Illustrated notes

Levels and vault maps discovered:
D:1:      amcnicky_arrival_gap_in_the_tavern_cellar, layout_loops_ring,
          serial_shops, nicolae_shop_stone, chequers_serial_rivers_small_3
D:2:      minmay_skewed_foursquare, layout_basic,
          hellmonk_ecumenical_altar_defaced_shrine
D:3:      layout_loops_cross, nemelex_spade_bored_becter, gup_sewer_entry_glass
D:4:      layout_loops_cross, mainiacjoe_overflow_six_doors_small,
          uniq_menkaure, uniq_sigmund, uniq_pikel

Skill      XL: |  1  2  3  4 |
---------------+-------------+-----
Long Blades    | 3 4 5 |  5.6
Fighting       | |  3.0
Armour         | |  1.7
Dodging        | |  1.7

Action                   |  1- 3 |  4- 6 || total
-------------------------+-------+-------++-------
Melee: Falchion          |   117 |    37 ||   154
       Long sword        |       |    48 ||    48
Invok: Berserk           |     4 |     4 ||     8
  Use: Scroll            |       |     1 ||     1
 Stab: Sleeping          |     1 |       ||     1
       Distracted        |       |     1 ||     1
Armor: Animal skin       |     6 |       ||     6
       Ring mail         |    23 |    29 ||    52
Dodge: Dodged            |    66 |    36 ||   102
Block: Other             |    16 |    16 ||    32
       Rpst.: Falchion   |    24 |     2 ||    26
       Long sword        |       |     9 ||     9
